 Dungeon Crawl Stone Soup version 0.30-a0-1066-g63dfefce0d (webtiles) character file.

Game seed: 17857404324876845404

25 retardedninja the Sneak (level 3, -1/24 HPs)
             Began as an Octopode Brigand on Apr 12, 2023.
             Killed from afar by a dart slug (3 damage)
             ... with a slug dart
             ... on level 1 of the Dungeon.
             The game lasted 00:01:19 (433 turns).

retardedninja the Sneak (Octopode Brigand)           Turns: 433, Time: 00:01:20

Health: -1/24      AC:  1    Str: 12    XL:     3   Next: 6%
Magic:  3/3        EV: 13    Int: 13    God:
Gold:   11         SH:  0    Dex: 13    Spells: 2/2 levels left

rFire   . . .      SeeInvis .    a - +2 dagger
rCold   . . .      Faith    .    (no shield)
rNeg    . . .      Spirit   .    (helmet restricted)
rPois   .          Reflect  .    (no amulet)
rElec   .          Rampage  .    (no ring)
rCorr   .                        (no ring)
Will    .....                    (no ring)
Stlth   ++++                     (no ring)
HPRegen 0.24/turn                (no ring)
MPRegen 0.08/turn                (no ring)
                                 (no ring)
                                 (no ring)

@: no status effects
A: almost no armour, amphibious, 8 rings, camouflage 1, gelatinous body 1,
(nimble swimmer 1), tentacles
a: no special abilities


You were on level 1 of the Dungeon.
You visited 1 branch of the dungeon, and saw 1 of its levels.

You collected 11 gold pieces.

Inventory:

Hand Weapons
 a - a +2 dagger (weapon)
Missiles
 b - 9 poisoned darts (quivered)
 c - 3 curare-tipped darts
Scrolls
 d - a scroll of noise {unknown}
 f - a scroll of identify {unknown}
Potions
 e - a potion of curing {unknown}
 g - 2 potions of invisibility {unknown}


   Skills:
 + Level 2.3 Fighting
 + Level 2.3 Short Blades
 + Level 2.3 Throwing
 + Level 1.4 Dodging
 + Level 5.6 Stealth


You had 2 spell levels left.
You didn't know any spells.
Your spell library was empty.

Dungeon Overview and Level Annotations

Branches:
Dungeon (1/15)

Altars:


Innate Abilities, Weirdness & Mutations

You cannot wear most types of armour.
You are amphibious.
You can wear up to eight rings at the same time.
Your skin changes colour to match your surroundings (Stealth+).
Your rubbery body absorbs attacks. (AC +1, EV +1)
((You are camouflaged when in or above water. (Stealth+)))
You have tentacles for arms and can constrict up to eight enemies at once.


Message History

Increase (S)trength, (I)ntelligence, or (D)exterity?
You feel stronger. x2
A rat is nearby!
You are too injured to fight recklessly!
A rat is nearby!
A rat is nearby!
You are too injured to fight recklessly!
A rat is nearby!
A rat is nearby!
The rat bites you.
* * * LOW HITPOINT WARNING * * *
You completely miss the rat. You grab the rat. You constrict the rat.
The rat bites you.
* * * LOW HITPOINT WARNING * * *
You hit the rat but do no damage. You squeeze the rat.
You kill the rat!
A kobold comes into view. It is wielding a +0 short sword.
A dart slug comes into view.
The kobold shouts!
The kobold barely misses you.
The kobold hits you with a +0 short sword.
* * * LOW HITPOINT WARNING * * *
The dart slug launches a dart at you. The slug dart hits you.
* * * LOW HITPOINT WARNING * * *
You hit the kobold.
You kill the kobold!
The dart slug launches a dart at you. The slug dart misses you.
Things that are here:
a +0 short sword; 4 stones The dart slug launches a dart at you.
The slug dart hits you.
* * * LOW HITPOINT WARNING * * *
The dart slug misses you.
You hit the dart slug but do no damage. You grab the dart slug.
You constrict the dart slug. The dart slug launches a dart at you.
The slug dart hits you.
You die...

#######.........
# #............
# #...........
#...........
#.......####
#.......#######
#....).........
#..............
#......@w......
#######........
#........
#########


You could see a dart slug.

Vanquished Creatures
  A dart slug (D:1)
  An endoplasm (D:1)
  3 goblins (D:1)
  A hobgoblin (D:1)
  3 jackals (D:1)
  4 kobolds (D:1)
  A quokka (D:1)
  2 ball pythons (D:1)
  2 bats (D:1)
  2 frilled lizards (D:1)
  3 rats (D:1)
23 creatures vanquished.

Notes
Turn   | Place    | Note
-------+----------+-------------------------------------------
     0 | D:1      | retardedninja the Octopode Brigand began the quest for the
                  | Orb.
     0 | D:1      | Reached XP level 1. HP: 14/14 MP: 1/1
    79 | D:1      | Reached XP level 2. HP: 12/19 MP: 2/2
   414 | D:1      | Reached XP level 3. HP: 8/24 MP: 3/3
   429 | D:1      | HP: 1/24 [dart slug/slug dart (2)]
   433 | D:1      | Killed from afar by a dart slug

Illustrated notes

Levels and vault maps discovered:
D:1:      mrwooster_arrival_statue, layout_basic, basic_ecumenical_altar,
          minmay_misc_feat_tiny

Action                     || total
---------------------------++-------
  Melee: Dagger            ||    42
         Constrict         ||    11
         Tentacles         ||     9
   Stab: Sleeping          ||     7
 Armour: Skin              ||     2
  Dodge: Dodged            ||    24

Table legend: (Time is in decaauts)
 A = Elapsed time spent in this place.
 B = Non-inter-level travel time spent in this place.
 C = Inter-level travel time spent in this place.
 D = Time resting spent in this place.
 E = Time spent auto-exploring this place.
 F = Levels seen in this place.
 G = Mean time per level.
                   A        B        C        D        E       F      G
               +--------+--------+--------+--------+--------+-----+--------+
         Total |    428 |    428 |      0 |      0 |    285 |   1 |  428.0 |
       Dungeon |    428 |    428 |      0 |      0 |    285 |   1 |  428.0 |
               +--------+--------+--------+--------+--------+-----+--------+

Top non-repeatable levels by time:
     D:1: 428 daAuts
